Map: Paladino Terminal LE

Players

Musumeci - Winner!

  • Race: Zerg Zerg
  • League: Diamond
  • Spawn Location: 5:00

Patrick

  • Race: Terran Terran
  • League: Diamond
  • Spawn Location: 9:00

VOD

Have the link to the VOD?

Description

Time

  • Played on: March 2, 2017, 10:24 a.m.
  • Length: 5:15
Show
View Real Time Build Order
Export as new Build Order

Musumeci Zerg - Winner!

Build Orders: Pool First, Ravager All-In 

Get SALT Encoding   

  12  0:01  Drone  
  13  0:08  Drone  
  14  0:26  Spawning Pool  
  13  0:35  Drone  
  14  0:37  Drone, Extractor  
  14  0:46  Extractor  
  14  0:47  Drone  
  14  0:52  Overlord  
  14  1:10  Drone x2  
  16  1:17  Roach Warren  
  15  1:23  Drone  
  16  1:39  Overlord  
  16  1:56  Roach x2  
  16  2:01  Roach  
  22  2:14  Roach  
  24  2:17  Ravager x2  
  24  2:22  Overlord  
  26  2:36  Ravager  
  26  2:37  Ravager  
  28  2:39  Roach  
  30  2:48  Roach  
  32  2:54  Overlord  
  32  3:14  Roach  
  32  3:16  Ravager x2  
  33  3:46  Roach x3  
  33  3:58  Roach  
  32  4:06  Ravager  
  32  4:07  Ravager  
  28  4:14  Ravager  
  29  4:21  Roach  
  31  4:34  Hatchery, Roach  
  29  4:39  Ravager  
  24  4:57  Ravager  
  25  5:05  Ravager  
Show
View Real Time Build Order
Export as new Build Order

Patrick Terran 

Build Orders: Reaper Expand 

Get SALT Encoding   

  12  0:02  SCV  
  13  0:14  SCV  
  13  0:20  Supply Depot  
  14  0:28  SCV  
  15  0:42  SCV  
  16  0:45  Barracks  
  16  0:49  Refinery  
  16  0:55  SCV  
  17  1:07  SCV  
  18  1:19  SCV  
  19  1:32  Orbital Command  
  19  1:33  Reaper  
  20  1:45  Command Center  
  20  1:58  Supply Depot  
  20  1:59  SCV  
  21  2:10  Barracks  
  21  2:11  SCV  
  21  2:14  Barracks Reactor  
  22  2:19  Refinery  
  22  2:28  Factory  
  22  2:36  SCV  
  22  2:44  Bunker  
  22  2:51  Marine x2  
  24  3:00  Bunker  
  24  3:01  SCV  
  24  3:05  Bunker  
  24  3:07  Marine  
  24  3:08  Marine  
  24  3:11  Factory Tech Lab  
  25  3:13  SCV  
  27  3:26  Supply Depot  
  17  3:59  Marine  
  17  4:02  Siege Tank  
  11  4:17  Marine  
  12  4:41  Marine  
  7  5:01  SCV  
Tags
 
Add a new tag
Caveats
  • Supply blocks, unpowered buildings, or Contaminate may cause inaccurate times.
  • Supply counts are checked every 10 seconds.